 Dungeon Crawl Stone Soup version 0.21.1 (webtiles) character file.

58 Santangelo the Slasher (level 3, 0/34 HPs)
             Began as a Minotaur Berserker on Feb 4, 2018.
             Was a Believer of Trog.
             Succumbed to an adder's poison
             ... on level 2 of the Dungeon.
             The game lasted 00:08:06 (1300 turns).

Santangelo the Slasher (Minotaur Berserker)         Turns: 1300, Time: 00:08:07

Health: 0/34       AC:  2    Str: 22    XL:     3   Next: 76%
Magic:  2/2        EV: 11    Int:  4    God:    Trog [**....]
Gold:   30         SH:  3    Dex:  9    Spells: 2/2 levels left

rFire    . . .     SeeInvis .   a - +0 falchion
rCold    . . .     Gourm    .   d - +0 buckler
rNeg     . . .     Faith    .   b - +0 animal skin
rPois    .         Spirit   .   (helmet restricted)
rElec    .         Reflect  .   (no cloak)
rCorr    .         Harm     .   (no gloves)
MR       .....                  (no boots)
Stlth    +.........             (no amulet)
HPRegen  0.11/turn              (no ring)
MPRegen  0.08/turn              (no ring)

@: lethally poisoned (0 -> -4), berserk cooldown, slowed, very slow
A: retaliatory headbutt, horns 2
a: Berserk, Trog's Hand, Burn Spellbooks, Renounce Religion


You were on level 2 of the Dungeon.
You worshipped Trog.
Trog was pleased with you.
You were not hungry.

You visited 1 branch of the dungeon, and saw 2 of its levels.

You collected 30 gold pieces.

Inventory:

Hand Weapons
 a - a +0 falchion (weapon)
Armour
 b - a +0 animal skin (worn)
 d - a +0 buckler (worn)
Scrolls
 i - a scroll of fear {unknown}
 j - a scroll of fog {unknown}
Potions
 e - a potion of heal wounds {unknown}
 g - a potion of resistance {unknown}
 h - a potion of flight {unknown}
 k - 2 potions of brilliance {unknown}
 l - 2 potions of cancellation {unknown}
 m - a potion of invisibility {unknown}
Comestibles
 c - a ration
 f - 4 chunks of flesh


   Skills:
 + Level 4.4 Fighting
 + Level 4.6 Long Blades
 + Level 2.9 Armour
 + Level 2.5 Dodging
 + Level 0.2 Shields


You had 2 spell levels left.
You didn't know any spells.

Dungeon Overview and Level Annotations

Branches:
Dungeon (2/15)

Altars:


Innate Abilities, Weirdness & Mutations

You reflexively headbutt those who attack you in melee.
You have a pair of horns on your head.


Message History

You butcher the gnoll corpse.
The adder bites you.
* * * LOW HITPOINT WARNING * * *
You are poisoned.
The adder poisons you! The adder bites you but does no damage.
Items here: %% )) รท a short sword; a flail; 3 chunks of flesh; 2 chunks of flesh; a gnoll skeleton You are too injured to fight recklessly!
You are too injured to fight recklessly!
You are too injured to fight recklessly!
You are too injured to fight recklessly!
* * * LOW HITPOINT WARNING * * *
You feel sick. You block the adder's attack. The adder bites you.
* * * LOW HITPOINT WARNING * * *
You miss the adder.
* * * LOW HITPOINT WARNING * * *
You feel sick. The adder bites you but does no damage.
The adder barely misses you. You furiously retaliate!
You headbutt the adder, but do no damage.
You barely miss the adder.
You die...

.........#
[.......#
.......#
......# .....#
.(..#
..#####...#####
.....rS@.......
..#####)#######
#.....###
#.......#
#.......#
#.......#
#.....### #....
#.....## .....
#####.)#
##.....


You could see an adder and a quokka.

Vanquished Creatures
  A gnoll (D:2)
  An ooze (D:1)
  A ball python (D:1)
  A giant cockroach (D:1)
  6 goblins
  3 hobgoblins
  9 jackals
  5 bats (D:1)
  5 frilled lizards (D:1)
  6 kobolds
  6 rats
44 creatures vanquished.

Notes
Turn   | Place    | Note
-------+----------+-------------------------------------------
     0 | D:1      | Santangelo the Minotaur Berserker began the quest for the Orb.
     0 | D:1      | Reached XP level 1. HP: 19/19 MP: 0/0
    99 | D:1      | Reached XP level 2. HP: 24/27 MP: 1/1
   478 | D:1      | Reached ** piety under Trog
   478 | D:1      | Reached XP level 3. HP: 26/33 MP: 2/2
  1299 | D:2      | HP: 1/34 [poisoned by an adder]
  1300 | D:2      | Succumbed to an adder's poison

Skill      XL: |  1  2 |
---------------+-------+-----
Fighting       | 4 |  4.4
Long Blades    | 4 |  4.6
Armour         | |  2.9
Dodging        | |  2.5
Shields        | |  0.2

Action                   || total
-------------------------++-------
Melee: Falchion          ||    90
       Headbutt          ||     8
Throw: Throwing net      ||     1
Invok: Berserk           ||     1
  Eat: Chunk             ||     2
Armor: Animal skin       ||    16
Dodge: Dodged            ||    56
Block: Buckler           ||     9
       Rpst.: Falchion   ||    13
